 Dungeon Sprint DCSS version 0.14-a0-226-gcf818b1 (console) character file.

1229 Dalvant the Arsonist (level 6, -16/35 HPs)
             Began as a Deep Elf Fire Elementalist on Oct 10, 2013.
             Rolled over by a boulder beetle (51 damage)
             ... in the Dungeon (Sprint II: "The Violet Keep of Menkaure").
             The game lasted 00:03:24 (998 turns).

Dalvant the Arsonist (Deep Elf Fire Elementalist)    Turns: 998, Time: 00:03:24

HP -16/35        AC  2     Str  5      XL: 6   Next: 86%
MP  15/20        EV 13     Int 22      God:
Gold 749         SH  0     Dex 15      Spells:  3 memorised,  6 levels left

Res.Fire  : . . .   See Invis. : .   (no weapon)
Res.Cold  : . . .   Warding    : .   a - +0 elf robe
Life Prot.: . . .   Conserve   : .   (no shield)
Res.Poison: .       Res.Corr.  : .   (no helmet)
Res.Elec. : .       Clarity    : .   (no cloak)
Sust.Abil.: . .     Spirit.Shd : .   (no gloves)
Res.Mut.  : .       Prev.Telep.: +   (no boots)
Res.Rott. : .       Flight     : .   (no amulet)
Saprovore : . . .                    (no ring)
                                     (no ring)

@: slightly resistant to hostile enchantments, quite stealthy
A: no striking features
a: no special abilities


You were in the Dungeon.
You were not hungry.

You visited 1 branch You collected 729 gold pieces.

Inventory:

Armour
 a - a +0 elven robe (worn)
Scrolls
 i - a scroll of blinking
Potions
 e - a potion of heal wounds
 f - a potion of speed
 g - 2 potions of magic
Books
 b - a book of Flames

   Spells                             Type                      Level
   *Flame Tongue                      Conjuration/Fire             1
   Throw Flame                        Conjuration/Fire             2
   Conjure Flame                      Conjuration/Fire             3
   Inner Flame                        Hexes/Fire                   3
   *Sticky Flame                      Conjuration/Fire             4
   *Fireball                          Conjuration/Fire             5


   Skills:
 - Level 5.1 Fighting
 - Level 2.4 Dodging
 - Level 6.0 Stealth
 + Level 5.5 Spellcasting
 * Level 7.1 Conjurations
 + Level 11.2 Fire Magic


You had 6 spell levels left.
You knew the following spells:

 Your Spells              Type           Power        Failure   Level  Hunger
a - Flame Tongue          Conj/Fire      #####        1%          1    None
c - Sticky Flame          Conj/Fire      #####...     1%          4    ####...
v - Fireball              Conj/Fire      #####.....   8%          5    #####..


Dungeon Overview and Level Annotations

Branches:
Dungeon (1/1)

Altars:


Message History

You can't see any susceptible monsters within range! (Use Z to cast anyway.) Unknown command.
The boulder beetle curls into a ball and starts rolling!
Casting: Flame Tongue
Confirm with . or Enter, or press ? or * to list all spells.
Aiming: Flame Tongue
Press: ? - help, Shift-Dir - straight line, f - boulder beetle
Aim: a boulder beetle (rolling)
The flame hits the boulder beetle.
The boulder beetle appears unharmed.
Casting: Flame Tongue
Confirm with . or Enter, or press ? or * to list all spells.
Aiming: Sticky Flame
Press: ? - help, Shift-Dir - straight line, f/p - boulder beetle
Aim: a boulder beetle (rolling)
The sticky flame hits the boulder beetle.
The boulder beetle appears unharmed.
The boulder beetle is covered in liquid flames!
The boulder beetle burns!
The boulder beetle smashes into you!
Ouch! That really hurt!
You die...

##+# ##..### ##
#..##.# .# #
##.#.#### .## ##.
##'# #.##..#
#..$##.###..#..#
#'<§<§B##+..#
#.B.##.###@.#.§..#
##.
#'###.##§.....≈ #
####.#### ≈§.§..≈
#..##.# ≈§≈§..≈
##.%.## ≈§≈≈≈.
##+## §≈≈≈≈ §§≈≈ §


You could see a boulder beetle (burning).

Vanquished Creatures
  4 brain worms (D)
  3 agate snails (D)
  4 giant centipedes (D)
11 creatures vanquished.

Vanquished Creatures (others)
  Menkaure (D)
1 creature vanquished.

Grand Total: 12 creatures vanquished

Notes
Turn   | Place    | Note
--------------------------------------------------------------
     0 | D        | Dalvant, the Deep Elf Fire Elementalist, began the quest for the Orb.
     0 | D        | Reached XP level 1. HP: 10/10 MP: 4/4
     0 | D        | Noticed a boulder beetle
     0 | D        | Noticed a boulder beetle
    13 | D        | Reached skill level 1 in Fighting
    13 | D        | Reached skill level 4 in Fire Magic
    15 | D        | Reached XP level 2. HP: 15/15 MP: 0/6
    18 | D        | Reached skill level 5 in Fire Magic
   173 | D        | Reached XP level 3. HP: 17/19 MP: 6/9
   455 | D        | Killed Menkaure
   520 | D        | Noticed a brain worm
   524 | D        | Killed a brain worm
   524 | D        | Reached skill level 7 in Fire Magic
   524 | D        | Reached XP level 4. HP: 21/24 MP: 6/12
   530 | D        | Learned a level 4 spell: Sticky Flame
   570 | D        | Noticed a brain worm
   574 | D        | Killed a brain worm
   574 | D        | Reached skill level 5 in Conjurations
   574 | D        | Reached skill level 8 in Fire Magic
   574 | D        | Reached XP level 5. HP: 29/29 MP: 7/16
   632 | D        | Noticed a brain worm
   632 | D        | Noticed a brain worm
   637 | D        | Killed a brain worm
   637 | D        | Reached skill level 5 in Stealth
   637 | D        | Reached skill level 9 in Fire Magic
   639 | D        | Killed a brain worm
   639 | D        | Reached skill level 10 in Fire Magic
   639 | D        | Reached XP level 6. HP: 33/35 MP: 10/19
   646 | D        | Learned a level 5 spell: Fireball
   690 | D        | Noticed an agate snail
   690 | D        | Noticed an agate snail
   690 | D        | Noticed an agate snail
   763 | D        | Killed an agate snail
   763 | D        | Reached skill level 5 in Fighting
   780 | D        | Killed an agate snail
   780 | D        | Reached skill level 5 in Spellcasting
   780 | D        | Reached skill level 11 in Fire Magic
   897 | D        | Killed an agate snail
   998 | D        | Rolled over by a boulder beetle

Action                   |  1- 3 |  4- 6 || total
-------------------------+-------+-------++-------
Melee: Unarmed           |     7 |       ||     7
 Cast: Flame Tongue      |     8 |    36 ||    44
       Sticky Flame      |       |     7 ||     7
  Use: Potion            |     2 |       ||     2
